Map: Dédale EC

Players

HoldTheDoor - Winner!

  • Race: Protoss Protoss
  • League: Diamond
  • Spawn Location: 7:00

HappyMeaI

  • Race: Protoss Protoss
  • Spawn Location: 1:00

VOD

Have the link to the VOD?

Description

Time

  • Played on: July 12, 2018, 10:04 a.m.
  • Length: 5:19
Show
View Real Time Build Order
Export as new Build Order

HoldTheDoor Protoss - Winner!

Build Orders:  

Get SALT Encoding   

  12  0:01  Probe  
  13  0:13  Probe  
  14  0:19  Pylon  
  14  0:25  Probe  
  15  0:34  Probe  
  15  0:38  Gateway  
  16  0:42  Probe  
  16  0:44  Assimilator  
  17  0:51  Probe  
  18  0:57  Assimilator  
  18  1:07  Gateway  
  18  1:13  Probe  
  19  1:28  Cybernetics Core  
  19  1:31  Probe, Pylon  
  20  1:43  Probe  
  21  1:56  Probe  
  22  2:07  Warp Gate  
  22  2:11  Probe  
  22  2:15  Stalker x2  
  27  2:23  Probe  
  28  2:33  Pylon  
  28  2:45  Stalker  
  28  2:48  Pylon  
  28  2:51  Stalker  
  32  3:01  Probe  
  33  3:07  Robotics Facility  
  33  3:09  Gateway  
  33  3:13  Probe  
  33  3:15  Stalker  
  36  3:22  Stalker  
  33  3:44  Probe  
  34  3:56  Probe  
  34  3:58  Immortal  
  35  4:08  Probe  
  36  4:54  Stalker x3  
Show
View Real Time Build Order
Export as new Build Order

HappyMeaI Protoss 

Build Orders:  

Get SALT Encoding   

  12  0:00  Probe  
  13  0:13  Probe  
  14  0:20  Pylon  
  14  0:25  Probe  
  15  0:38  Probe  
  15  0:39  Gateway  
  16  0:46  Probe  
  16  0:50  Assimilator  
  16  0:55  Probe  
  18  1:04  Gateway  
  18  1:06  Probe  
  19  1:14  Probe  
  20  1:33  Cybernetics Core  
  20  1:45  Nexus  
  20  1:56  Pylon  
  20  1:58  Probe  
  21  2:02  Pylon  
  21  2:10  Assimilator, Probe  
  21  2:15  Adept  
  22  2:21  Adept  
  26  2:32  Warp Gate  
  26  2:35  Probe  
  27  2:46  Robotics Facility  
  27  3:03  Probe x2  
  29  3:06  Pylon  
  29  3:13  Forge  
  29  3:25  Stalker  
  29  3:26  Stalker  
  29  3:41  Shield Battery  
  29  3:42  Shield Battery  
  29  3:44  Shield Battery  
  29  3:45  Probe  
  30  3:52  Immortal  
  34  4:16  Photon Cannon  
  34  4:24  Immortal  
  36  4:43  Pylon  
  36  4:56  Pylon  
Tags
 
League
Diamond
Matchup
PvP
Spawn Locations
Cross Positions
Add a new tag
Caveats
  • Supply blocks, unpowered buildings, or Contaminate may cause inaccurate times.
  • Supply counts are checked every 10 seconds.